 Dungeon Crawl Stone Soup version 0.19.0 (webtiles) character file.

6547 Cacophonie the Basher (level 10, -2/70 HPs)
             Began as a Demonspawn Berserker on Nov 9, 2016.
             Was an Elder of Trog.
             Slain by a crocodile (12 damage)
             ... on level 1 of the Lair of Beasts on Nov 10, 2016.
             The game lasted 00:44:45 (10348 turns).

Cacophonie the Basher (Demonspawn Berserker)       Turns: 10348, Time: 00:44:45

Health: -2/70      AC:  9    Str: 21    XL:     10   Next: 70%
Magic:  10/10      EV: 10    Int:  8    God:    Trog [****..]
Gold:   544        SH:  4    Dex: 13    Spells: 0 memorised, 9 levels left

rFire  + . .     SeeInvis .     J - +0 flail
rCold  . . .     Gourm    .     w - +1 scale mail {rC+}
rNeg   . . .     Faith    .     P - +0 buckler
rPois  .         Spirit   .     (helmet restricted)
rElec  .         Reflect  .     p - +0 cloak
rCorr  .         Harm     .     (no gloves)
MR     .....                    I - +0 pair of boots
Stlth  +.........               f - amulet of regeneration
                                n - ring of wizardry
                                B - ring of fire

@: exhausted, slowed, very slow
A: antennae 2, claws 1, hooves 2, nightstalker 1
a: Berserk, Trog's Hand, Brothers in Arms, Burn Spellbooks, Renounce Religion


You were on level 1 of the Lair of Beasts.
You worshipped Trog.
Trog was greatly pleased with you.
You were very hungry.

You visited 3 branches of the dungeon, and saw 12 of its levels.

You collected 544 gold pieces.


Message History

The crocodile is moderately wounded!
The crocodile bites you!
You pound the crocodile like an anvil!
The crocodile is heavily wounded!
The komodo dragon bites you!!!!!! * * * don't die
* * * You barely miss the crocodile!
The crocodile is heavily wounded!
You feel a strong urge to attack something!
You are too berserk!!!
Unknown command!
You are no longer berserk!
You are exhausted!
You feel yourself slow down! The crocodile barely misses you!
The komodo dragon barely misses you!
The crocodile bites you!!! * * * don't die
* * * The crocodile bites you!!! rip

## #...##.###..#### ###....PP≈≈≈
.####...##.........###.......≈≈≈≈
...[....###..................PP≈≈
.8.....# ###...........#..PP≈P≈≈
.....### #...............≈≈≈P≈
.†.8.## #..............P≈≈≈≈≈
......# #..............≈P≈≈P≈
|8....#### #....t..........#P###
.........####...@l..........###
..###...(..###.............## ###
##........#.............# ##
###....>.#...........### P#
##.#...............# P#
######...........## ##
#P...........# # ##..........## #
#..........##


You could see a komodo dragon and a crocodile.

Inventory:

Hand Weapons
 a - a +1 mace
 x - a +0 mace of distortion
 y - a +2 whip of freezing
 J - a +0 flail (weapon)
Missiles
 k - 15 poisoned needles
 l - 124 stones
 G - 4 javelins (quivered)
 K - 2 throwing nets
Armour
 b - a +0 animal skin
 p - a +0 cloak (worn)
 t - a +0 ring mail
 w - a +1 scale mail of cold resistance (worn)
 I - a +0 pair of boots (worn)
 O - the +4 chain mail of Luokeox {rF+, unknown}
   (You found it on level 9 of the Dungeon)

   It protects you from fire.
 P - a +0 buckler (worn)
Jewellery
 f - an amulet of regeneration (around neck)
 n - a ring of wizardry (right claw)
 B - a ring of fire (left claw)
Wands
 L - a wand of lightning (8/15)
Scrolls
 d - 3 scrolls of amnesia
 g - 3 scrolls of remove curse
 i - 4 scrolls of teleportation
 m - a scroll of magic mapping
 r - 6 scrolls of fog
 F - a scroll of blinking
 H - a scroll of immolation
 M - a scroll of enchant weapon
Potions
 e - 4 potions of flight {unknown}
 h - 2 potions of heal wounds
 j - 3 potions of curing {unknown}
 q - 3 potions of degeneration {unknown}
 s - 2 potions of agility {unknown}
 u - 5 potions of might
 v - 2 potions of experience {unknown}
 z - a potion of haste {unknown}
 A - a potion of brilliance {unknown}
 C - a potion of magic {unknown}
 D - a potion of cancellation {unknown}
 E - a potion of lignification {unknown}
 R - 2 potions of berserk rage {unknown}
Miscellaneous
 T - a box of beasts
Comestibles
 c - 6 bread rations
 o - 2 meat rations
 N - 5 fruits
 Q - a royal jelly
 S - 3 chunks of flesh
 U - 2 beef jerkies


   Skills:
 + Level 3.5 Fighting
 - Level 14.0 Maces & Flails
 + Level 1.3 Throwing
 + Level 2.5 Armour
 + Level 2.5 Dodging
 + Level 1.5 Shields


You had 9 spell levels left.
You didn't know any spells.


Innate Abilities, Weirdness & Mutations

You have a pair of antennae on your head.
You have sharp fingernails.
You have hoof-like feet.
You are slightly more attuned to the shadows.

Dungeon Overview and Level Annotations

Branches:
Dungeon (10/15)            Temple (1/1) D:4            Lair (1/6) D:8
    Orc: D:9-12

Altars:
Ashenzari
Cheibriados
Dithmenos
Elyvilon
Fedhas
Gozag
Hepliaklqana
Kikubaaqudgha
Makhleb
Nemelex Xobeh
Okawaru
Qazlal
Ru
Sif Muna
Trog
Uskayaw
Vehumet
Xom
Yredelemnul
Zin
The Shining One

Shops:
D:4 %

Annotations:
D:7 Prince Ribbit

Vault maps used:
D:1:      kennysheep_arrival_seaside
D:2:      serial_glass, glass_columns_a, glass_columns_c, glass_columns_c,
          glass_columns_a, nemelex_dance_club_becter, uniq_natasha
D:4:      serial_shops, shop, uniq_duvessa, uniq_blork_the_orc
D:5:      first_bread, uniq_pikel
D:6:      minmay_strange_pillars
D:7:      nicolae_overflow_hidden_temple, uniq_prince_ribbit1
D:8:      david_lair_shrubbed
D:9:      grunt_qazlal_sundering, hangedman_pestilent_swarm,
          kennysheep_generic_room_5
D:10:     special_room, grunt_ministairs_2, fedhas_altar_fruit_tree
Temple:   dpeg_five_rooms_temple
Lair:1:   grunt_megastairs_4, serial_bayou_shore_a

Vanquished Creatures
  A hill giant (D:10)
  Pikel (D:5)
  A spiny frog (Lair:1)
  A komodo dragon (D:8)
  A two-headed ogre (D:8)
  2 hippogriffs
  3 yaks (D:9)
  A steam dragon (D:9)
  A hungry ghost (D:7)
  The ghost of tijit the Charmwright, an amateur MfSk (D:4)
  Duvessa (D:4)
  A porcupine (Lair:1)
  An orc warrior (D:9)
  A sky beast (D:9)
  3 phantoms
  2 black bears
  3 centaurs
  2 ogres
  A wolf (Lair:1)
  A crocodile (D:8)
  The ghost of PrincessPwny the Insei, an amateur OpTm (D:3)
  Blork the orc (D:4)
  4 bullfrogs
  A gnoll sergeant (D:8)
  Dowan (D:4)
  4 scorpions
  3 killer bees
  3 wights (D:9)
  A howler monkey (D:9)
  2 crimson imps (D:6)
  2 quasits
  A bullfrog zombie (D:9)
  2 orc priests (D:4)
  2 hounds
  3 jellies
  7 orc wizards
  5 iguanas
  Natasha (thrice) (D:2)
  11 worker ants
  A hound zombie (D:8)
  2 hound skeletons
  7 gnolls
  A worker ant zombie (D:6)
  9 adders
  A shadow imp (D:6)
  2 oozes (D:2)
  An adder skeleton (D:7)
  A worm (D:2)
  A dart slug (D:2)
  6 leopard geckos
  22 orcs
  6 bats
  3 giant cockroaches
  2 goblins (D:3)
  4 hobgoblins
  13 jackals
  4 kobolds
  2 quokkas
  2 ball pythons
  4 frilled lizards
  3 jackal skeletons
  A quokka zombie (D:7)
  7 rats
191 creatures vanquished.

Vanquished Creatures (collateral kills)
  A black bear (D:9)
  A shadow imp (D:9)
  An orc (D:9)
3 creatures vanquished.

Vanquished Creatures (others)
  A jelly (D:5)
  An orc wizard (D:5)
  2 orcs (D:5)
  A ball python (D:5)
  A plant (D:8)
6 creatures vanquished.

Grand Total: 200 creatures vanquished

Notes
Turn   | Place    | Note
-------+----------+-------------------------------------------
     0 | D:1      | Cacophonie the Demonspawn Berserker began the quest for the Orb.
     0 | D:1      | Reached XP level 1. HP: 18/18 MP: 1/1
   140 | D:1      | Reached skill level 3 in Maces & Flails
   415 | D:1      | Gained mutation: You have sharp fingernails. [demonic ancestry]
   415 | D:1      | Reached XP level 2. HP: 24/24 MP: 2/2
  1078 | D:2      | Gained mutation: You have large cloven feet. [demonic ancestry]
  1078 | D:2      | Reached XP level 3. HP: 23/29 MP: 3/3
  1272 | D:2      | Noticed Natasha
  1278 | D:2      | Killed Natasha
  1278 | D:2      | Reached skill level 4 in Maces & Flails
  1472 | D:2      | Noticed Natasha
  1486 | D:2      | Killed Natasha
  1486 | D:2      | Gained mutation: You have a pair of small antennae on your head. [demonic ancestry]
  1486 | D:2      | Reached XP level 4. HP: 35/35 MP: 4/4
  1496 | D:2      | Reached ** piety under Trog
  1561 | D:2      | Found a sparkling altar of Nemelex Xobeh.
  1667 | D:2      | Noticed Natasha
  1674 | D:2      | Killed Natasha
  1674 | D:2      | Reached skill level 5 in Maces & Flails
  1928 | D:3      | Reached XP level 5. HP: 41/41 MP: 5/5
  2085 | D:3      | Noticed PrincessPwny's ghost (amateur OpTm)
  2095 | D:3      | Killed PrincessPwny's ghost
  2095 | D:3      | Reached skill level 6 in Maces & Flails
  2254 | D:3      | Gained mutation: You are slightly more attuned to the shadows. [demonic ancestry]
  2254 | D:3      | Reached XP level 6. HP: 47/47 MP: 6/6
  2718 | D:4      | Noticed Duvessa
  2737 | D:4      | Killed Duvessa
  2737 | D:4      | Reached skill level 7 in Maces & Flails
  2741 | D:4      | Noticed Dowan
  2779 | D:4      | Killed Dowan
  3023 | D:4      | Noticed tijit's ghost (amateur MfSk)
  3048 | D:4      | Killed tijit's ghost
  3048 | D:4      | Gained mutation: You have hoof-like feet. [demonic ancestry]
  3048 | D:4      | Reached XP level 7. HP: 52/52 MP: 7/7
  3376 | D:4      | Reached skill level 8 in Maces & Flails
  4098 | D:4      | Noticed Blork the orc
  4107 | D:4      | Reached skill level 9 in Maces & Flails
  4107 | D:4      | Reached XP level 8. HP: 58/58 MP: 8/8
  4111 | D:4      | Killed Blork the orc
  4172 | D:4      | Found a staircase to the Ecumenical Temple.
  4214 | D:4      | Found Regg's Food Shoppe.
  4259 | Temple   | Entered the Ecumenical Temple
  4612 | D:5      | Entered Level 5 of the Dungeon
  4781 | D:5      | Noticed Pikel
  4799 | D:5      | Killed Pikel
  4799 | D:5      | Reached skill level 10 in Maces & Flails
  5535 | D:6      | Reached *** piety under Trog
  5596 | D:6      | Reached skill level 11 in Maces & Flails
  5596 | D:6      | Gained mutation: You have a pair of antennae on your head. [demonic ancestry]
  5596 | D:6      | Reached XP level 9. HP: 46/63 MP: 9/9
  6550 | D:7      | Reached skill level 12 in Maces & Flails
  6919 | D:7      | Found a radiant altar of Vehumet.
  6920 | D:7      | Found a hide-covered altar of Uskayaw.
  6957 | D:7      | Noticed Prince Ribbit
  7358 | D:7      | that was supremely embarrassing
  7743 | D:8      | Reached **** piety under Trog
  8738 | D:8      | Found a staircase to the Lair.
  8739 | D:8      | Noticed a komodo dragon
  8769 | D:8      | Killed a komodo dragon
  8769 | D:8      | Reached skill level 13 in Maces & Flails
  8769 | D:8      | Reached XP level 10. HP: 70/70 MP: 10/10
  9425 | D:9      | Got a warped chain mail
  9793 | D:9      | Reached skill level 14 in Maces & Flails
  9862 | D:9      | Found a stormy altar of Qazlal.
  9893 | D:10     | Entered Level 10 of the Dungeon
  9897 | D:10     | Noticed a hill giant
  9912 | D:10     | Killed a hill giant
  9912 | D:10     | Reached skill level 1 in Shields
  9968 | D:10     | Noticed a death knight
 10024 | Lair:1   | Entered Level 1 of the Lair of Beasts
 10062 | Lair:1   | Reached skill level 1 in Throwing
 10145 | Lair:1   | Noticed a spiny frog
 10154 | Lair:1   | Killed a spiny frog
 10348 | Lair:1   | Slain by a crocodile
